 Dungeon Crawl Stone Soup version 0.21-a0-193-g085b6a0 (webtiles) character file.

291 Ijustatesigmund the Shield-Bearer (level 6, -18/49 HPs)
             Began as a Formicid Fighter on Aug 14, 2017.
             Killed from afar by a wizard (64 damage)
             ... with a crystal spear
             ... on level 7 of the Dungeon.
             The game lasted 00:08:35 (2874 turns).

Ijustatesigmund the Shield-Bearer (FoFi)            Turns: 2874, Time: 00:08:36

Health: -18/49     AC:  6    Str: 20    XL:     6   Next: 59%
Magic:  6/6        EV:  8    Int:  8    God:
Gold:   134        SH: 10    Dex: 12    Spells: 5/5 levels left

rFire    . . .     SeeInvis +   a - +1 quarterstaff
rCold    . . .     Gourm    .   c - +0 shield
rNeg     . . .     Faith    .   b - +0 scale mail
rPois    .         Spirit   .   (helmet unavailable)
rElec    .         Reflect  .   (no cloak)
rCorr    .         Harm     .   (no gloves)
MR       .....                  (no boots)
Stlth    ..........             (no amulet)
HPRegen  0.16/turn              (no ring)
MPRegen  0.10/turn              (no ring)

@: no status effects
A: permanent stasis, dig shafts and tunnels, four strong arms, antennae 3
a: Dig, Shaft Self


You were on level 7 of the Dungeon.
You were not hungry.

You visited 1 branch of the dungeon, and saw 7 of its levels.

You collected 134 gold pieces.

Inventory:

Hand Weapons
 a - a +1 quarterstaff (weapon)
Armour
 b - a +0 scale mail (worn)
 c - a +0 shield (worn)
Scrolls
 e - 3 scrolls of fog
 h - 2 scrolls of enchant armour
 i - 2 scrolls of identify
 k - a scroll of amnesia {unknown}
 l - a scroll of enchant weapon
Potions
 d - a potion of might
 g - 2 potions of curing
Comestibles
 f - 3 bread rations


   Skills:
 + Level 4.5 Fighting
 * Level 4.8 Staves
 - Level 3.2 Armour
 + Level 5.1 Shields


You had 5 spell levels left.
You didn't know any spells.

Dungeon Overview and Level Annotations

Branches:
Dungeon (6/15)
 Temple: D:4-7

Altars:
Gozag

Annotations:
D:4 Blork the orc


Innate Abilities, Weirdness & Mutations

You cannot be hasted, slowed, berserked, paralysed or teleported.
You can dig through walls and to a lower floor.
Your four strong arms can wield two-handed weapons with a shield.
You have a pair of large antennae on your head. (SInv)


Message History

Found a runed metal-bound book.
A wizard comes into view. It is wielding a dagger.
The wizard hits you with a dagger.
You miss the wizard. The wizard hits you with a dagger.
You barely miss the wizard.
The wizard casts a spell.
The wizard seems to speed up.
You hear an angry hiss.
You hear a shout!
You closely miss the wizard. You block the wizard's attack.
The wizard casts a spell.
The wizard blinks!
The wizard gestures at you while chanting.
The bolt of cold misses you.
You hear a shout!
An adder comes into view.
You miss the wizard. The wizard casts a spell at you.
The crystal spear hits you!
Ouch! That really hurt!
You die...

*,* *,*** *,,,,,,,,,,,,,**,**,*
*,***,,,*****,*,***,,****,**,**,*
*,**,,,,,,,,,,,,,**,,* *>**,**,*
,,,,,*****+*****,,,,,****,**,**,*
,*******,,,,,{,*****,,,**,**,**,*
** **,,,,{,*,* ***,,<,,,,,,,,
*,,,,,###,* **,,,,,,,,,,
*****,**#:#...##### **,,,,*****
**,,,,,,,*#....p@..## *,,*,*
*,,***,,,..#..S###..## **,*,*
,,** **,,,,##.,* ##.^# *,*,* ,**
**,,,,#,,* ##.# *,,,* ,*
**,,,,,** #.# *,,,*
,*********+*****####.####*,,*
,,,,,*,,,,,,,,,*#.......#*,{*
****,*,*******,#..#####..#,,*
,,*,,*,*,,,,,*,#.**,,,**.#,,*


You could see a wizard and an adder.

Vanquished Creatures
  An orc priest (D:4)
  A bullfrog skeleton (D:5)
  Jessica (D:2)
  A worker ant (D:6)
  Robin (D:2)
  A howler monkey skeleton (D:5)
  7 adders
  A shadow imp (D:6)
  An ooze (D:2)
  2 worms
  4 dart slugs
  2 leopard geckos
  3 orcs (D:3)
  A giant cockroach (D:3)
  13 goblins
  2 hobgoblins
  4 jackals (D:3)
  4 quokkas
  2 ball pythons
  6 bats
  5 frilled lizards
  8 kobolds
  5 rats
76 creatures vanquished.

Notes
Turn   | Place    | Note
-------+----------+-------------------------------------------
     0 | D:1      | Ijustatesigmund the Formicid Fighter began the quest for the Orb.
     0 | D:1      | Reached XP level 1. HP: 18/18 MP: 1/1
    20 | D:1      | Noticed a merfolk zombie
    88 | D:1      | Reached XP level 2. HP: 21/24 MP: 2/2
   780 | D:2      | Noticed Robin
   781 | D:2      | Reached XP level 3. HP: 29/29 MP: 3/3
   793 | D:2      | Killed Robin
   793 | D:2      | Reached skill level 4 in Shields
   884 | D:2      | Reached XP level 4. HP: 34/37 MP: 4/4
   901 | D:2      | Noticed Jessica
   904 | D:2      | Killed Jessica
   948 | D:2      | Found an opulent altar of Gozag.
  1149 | D:2      | Reached XP level 5. HP: 40/42 MP: 5/5
  2174 | D:3      | You fall through a shaft!
  2453 | D:3      | Reached XP level 6. HP: 43/49 MP: 6/6
  2456 | D:3      | You fall through a shaft for 3 floors!
  2612 | D:5      | Entered Level 5 of the Dungeon
  2647 | D:5      | Reached skill level 5 in Shields
  2754 | D:4      | Noticed Blork the orc
  2768 | D:4      | You fall through a shaft for 3 floors!
  2867 | D:7      | Noticed a wizard
  2870 | D:7      | Noticed a wizard
  2874 | D:7      | Killed from afar by a wizard

Vault maps used:
D:1:      shiori_arrival_whats_in_store_for_you, minivault_24, minmay_ruptured
D:2:      nicolae_gozag_cash_rules_everything_around_me, uniq_jessica,
          uniq_robin
D:3:      first_bread
D:4:      minmay_temple_entry_fiery, cheibrodos_gnoll_hut, uniq_ijyb,
          uniq_blork_the_orc, uniq_sigmund
D:5:      overflow_temple_1_default, kennysheep_pointless_box, minivault_27,
          minmay_door_square, uniq_crazy_yiuf_cottage
D:6:      serial_shops, nicolae_shop_behind_doors, kennysheep_opposing_triangles
D:7:      minmay_the_grid_plus_closed

Skill      XL: |  1  2  3  4  5  6 |
---------------+-------------------+-----
Staves         | 3 4 |  4.8
Shields        | 4 5 |  5.1
Fighting       | 4 |  4.5
Armour         | |  3.2

Action                   |  1- 3 |  4- 6 || total
-------------------------+-------+-------++-------
Melee: Quarterstaff      |    92 |   176 ||   268
 Abil: Dig               |       |     4 ||     4
       Shaft Self        |       |     3 ||     3
  Use: Scroll            |     6 |     3 ||     9
  Eat: Chunk             |       |     4 ||     4
       Bread ration      |       |     1 ||     1
Armor: Scale mail        |    19 |    65 ||    84
Dodge: Dodged            |    29 |    65 ||    94
Block: Shield            |    59 |   101 ||   160
